 Dungeon Crawl Stone Soup version 0.19-a0-1875-g4fea3da (webtiles) character file.

104 Lochraine the Gusty (level 4, -8/24 HPs)
             Began as a Tengu Air Elementalist on Oct 13, 2016.
             Killed from afar by Ijyb (16 damage)
             ... with a wand of lightning
             ... on level 3 of the Dungeon.
             The game lasted 00:16:24 (2601 turns).

Lochraine the Gusty (Tengu Air Elementalist)        Turns: 2601, Time: 00:16:24

Health: -8/24      AC:  3    Str:  8    XL:     4   Next: 80%
Magic:  6/8        EV: 12    Int: 22    God:
Gold:   123        SH:  0    Dex: 14    Spells: 3 memorised, 1 level left

rFire  . . .     SeeInvis .     g - +0 mace
rCold  . . .     Gourm    .     A - +0 leather armour
rNeg   . . .     Faith    .     (no shield)
rPois  .         Spirit   .     (helmet restricted)
rElec  .         Dismiss  .     (no cloak)
rCorr  .         Reflect  .     (no gloves)
MR     .....     Harm     .     (boots unavailable)
Stlth  ++........               (no amulet)
                                (no ring)
                                o - +5 ring of intelligence

@: no status effects
A: beak, talons 3
a: no special abilities


You were on level 3 of the Dungeon.
You were not hungry.

You visited 1 branch of the dungeon, and saw 3 of its levels.

You collected 123 gold pieces.

Inventory:

Hand Weapons
 g - a +0 mace (weapon)
 j - a cursed -3 short sword
Armour
 a - a +0 robe
 A - a +0 leather armour (worn)
Jewellery
 o - a +5 ring of intelligence (left hand)
Scrolls
 i - 2 scrolls of recharging {unknown}
 k - a scroll of remove curse {unknown}
 l - 2 scrolls of identify
 m - 2 scrolls of teleportation {unknown}
 p - 2 scrolls of noise {unknown}
 q - a scroll of immolation {unknown}
 r - a scroll of magic mapping {unknown}
 s - 2 scrolls of random uselessness {unknown}
 u - a scroll of enchant weapon {unknown}
 y - a scroll of enchant armour {unknown}
 z - a scroll of blinking {unknown}
Potions
 e - a potion of degeneration {unknown}
 h - 2 potions of curing
 n - a potion of might {unknown}
 t - a potion of cure mutation {unknown}
 w - a potion of magic {unknown}
Books
 b - a book of Air

   Spells                             Type                      Level
   a - Shock                          Conjuration/Air              1
   b - Swiftness                      Charms/Air                   2
   c - Repel Missiles                 Charms/Air                   2
   d - Static Discharge               Conjuration/Air              3
   e - Lightning Bolt                 Conjuration/Air              5
Comestibles
 c - 5 bread rations
 d - 5 fruits
 f - 3 meat rations
 v - a beef jerky
 x - a chunk of flesh


   Skills:
 + Level 2.4 Dodging
 - Level 2.0 Stealth
 - Level 2.0 Spellcasting
 - Level 4.0 Conjurations
 + Level 5.7 Air Magic


You had one spell level left.
You knew the following spells:

 Your Spells              Type           Power        Failure   Level  Hunger
a - Shock                 Conj/Air       ###.         3%          1    #......
b - Swiftness             Chrm/Air       ##......     12%         2    ##.....
c - Static Discharge      Conj/Air       ###.....     12%         3    ###....


Dungeon Overview and Level Annotations

Branches:
Dungeon (3/15)

Altars:
Fedhas

Annotations:
D:3 Ijyb


Innate Abilities, Weirdness & Mutations

You have a beak for a mouth.
You have claws for feet.


Message History

You feel quick.
You start to feel a little slower.
You feel sluggish.
You start to feel a little faster.
Okay, then.
You no longer feel sluggish.
Casting: Swiftness
Confirm with . or Enter, or press ? or * to list all spells.
Aiming: Shock
Press: ? - help, Shift-Dir - straight line, f - Ijyb
Aim: Ijyb, carrying a wand of lightning {zapped: 1} The zap misses Ijyb.
Casting: Shock
Confirm with . or Enter, or press ? or * to list all spells.
Aiming: Shock
Press: ? - help, Shift-Dir - straight line, f/p - Ijyb
Aim: Ijyb, carrying a wand of lightning {zapped: 1} The zap misses Ijyb.
Ijyb zaps a wand.
The bolt of lightning hits you!
Ouch! That really hurt!
You die...

#.......#####.##
####............
#################.##....###.
#......#.......##.#.........
#.#...g........##.........#.
#####.#.##.####g..(..####.##<#..
#.......##.# #.#..#.# #.##)##.
#.###.####.# #.#..#.# #.......
##.###.####.# #@#..#.# ###...##
#.#.##......# #.#..#.# #...#
#..####.....# #.#..#.######...##
#.## #..>..# #......##.....(...
...# #.....# ##............(...
g..# #.....# ##..# ##.........
...# #.....# . ###....... ####
####### .. #.#...#. #######
#.#...#.


You could see Ijyb.

Vanquished Creatures
  2 adders (D:2)
  4 worms (D:2)
  5 dart slugs
  2 leopard geckos
  3 orcs (D:3)
  3 giant cockroaches
  5 hobgoblins
  2 jackals (D:2)
  8 kobolds
  A quokka (D:2)
  A ball python (D:2)
  4 bats
  4 frilled lizards
  10 goblins
  6 rats
60 creatures vanquished.

Notes
Turn   | Place    | Note
-------+----------+-------------------------------------------
     0 | D:1      | Lochraine the Tengu Air Elementalist began the quest for the Orb.
     0 | D:1      | Reached XP level 1. HP: 10/10 MP: 4/4
    88 | D:1      | Reached XP level 2. HP: 11/15 MP: 1/6
   263 | D:1      | Learned a level 2 spell: Swiftness
   971 | D:2      | Reached XP level 3. HP: 19/19 MP: 2/7
  1035 | D:2      | Learned a level 3 spell: Static Discharge
  1180 | D:2      | Reached skill level 5 in Air Magic
  1556 | D:2      | Reached XP level 4. HP: 24/24 MP: 2/8
  2344 | D:3      | Found a blossoming altar of Fedhas.
  2569 | D:3      | Noticed Ijyb
  2601 | D:3      | Killed from afar by Ijyb

Vault maps used:
D:1:      dpeg_arrival_orchard, serial_glass, glass_columns_a, glass_columns_b,
          glass_columns_b, glass_columns_a, glass_columns_a, glass_columns_a,
          glass_columns_a, glass_columns_a, due_unseen_surprise,
          minmay_small_reverse_x
D:2:      first_bread
D:3:      fedhas_altar_2, uniq_iyjb

Skill      XL: |  1  2  3  4 |
---------------+-------------+-----
Conjurations   | 2 3 4 |  4.0
Air Magic      | 5 |  5.7
Dodging        | |  2.4
Stealth        | |  2.0
Spellcasting   | |  2.0

Action                   |  1- 3 |  4- 6 || total
-------------------------+-------+-------++-------
Melee: Mace              |    32 |    36 ||    68
       Unarmed           |     2 |       ||     2
       Peck              |     6 |     3 ||     9
       Kick              |     3 |     7 ||    10
 Cast: Shock             |    41 |    31 ||    72
       Swiftness         |       |     1 ||     1
  Use: Scroll            |       |     1 ||     1
 Stab: Sleeping          |     3 |     2 ||     5
  Eat: Chunk             |     2 |     4 ||     6
Armor: Robe              |     7 |    11 ||    18
       Leather armour    |       |     1 ||     1
Dodge: Dodged            |    27 |    33 ||    60
